 Dungeon Crawl Stone Soup version 0.23.2-33-g5129a83184 (webtiles) character file.

Game seed: 16250640209682549218

72 teukkam the Shield-Bearer (level 4, -11/40 HPs)
             Began as a Minotaur Fighter on July 5, 2019.
             Killed from afar by a jackal (25 damage)
             ... with an exploding inner flame
             ... hexed by the player character
             ... on level 4 of the Dungeon on July 8, 2019.
             The game lasted 00:03:46 (1502 turns).

teukkam the Shield-Bearer (Minotaur Fighter)        Turns: 1502, Time: 00:03:47

Health: -11/40     AC:  7    Str: 21    XL:     4   Next: 7%
Magic:  3/3        EV:  7    Int:  5    God:
Gold:   114        SH:  9    Dex: 10    Spells: 3/3 levels left

rFire    . . .     SeeInvis .   a - +0 war axe
rCold    . . .     Gourm    .   c - +0 shield
rNeg     . . .     Faith    .   b - +0 scale mail
rPois    .         Spirit   .   (helmet restricted)
rElec    .         Reflect  .   (no cloak)
rCorr    .         Harm     .   (no gloves)
MR       .....                  (no boots)
Stlth    ..........             (no amulet)
HPRegen  0.13/turn              (no ring)
MPRegen  0.08/turn              (no ring)

@: no status effects
A: retaliatory headbutt, horns 2
a: no special abilities


You were on level 4 of the Dungeon.
You were not hungry.

You visited 1 branch of the dungeon, and saw 4 of its levels.

You collected 114 gold pieces.

Inventory:

Hand Weapons
 a - a +0 war axe (weapon)
Missiles
 h - 46 sling bullets
Armour
 b - a +0 scale mail (worn)
 c - a +0 shield (worn)
Scrolls
 i - a scroll of teleportation {unknown}
 l - 2 scrolls of identify {unknown}
 m - 2 scrolls of blinking {unknown}
 o - a scroll of noise {unknown}
Potions
 d - a potion of might
 g - a potion of brilliance {unknown}
 j - a potion of agility {unknown}
 k - a potion of haste {unknown}
 p - a potion of magic {unknown}
Comestibles
 f - 5 rations
 n - 6 chunks of flesh


   Skills:
 + Level 4.2 Fighting
 + Level 3.1 Axes
 + Level 4.3 Armour
 + Level 4.6 Shields


You had 3 spell levels left.
You didn't know any spells.
Your spell library was empty.

Dungeon Overview and Level Annotations

Branches:
Dungeon (4/15)
 Temple: D:4-7

Altars:


Innate Abilities, Weirdness & Mutations

You reflexively headbutt those who attack you in melee.
You have a pair of horns on your head.


Message History

You block the jackal's attack. x2
The jackal bites you but does no damage.
As you read the scroll labeled QOUSHO BYF, it crumbles to dust.
The creatures around you are filled with an inner flame!
It was a scroll of immolation.
You block the jackal's attack. The jackal barely misses you.
You furiously retaliate!
You headbutt the jackal!
The jackal explodes!
The fiery explosion engulfs the worker ant!!
The worker ant explodes!
The fiery explosion engulfs the jackal!!!
The jackal explodes!
The fiery explosion engulfs the jackal!!
The jackal explodes!
The fiery explosion engulfs the jackal!!
The jackal explodes!
The fiery explosion engulfs you!!
Ouch! That really hurt!
The fiery explosion engulfs you!!
Ouch! That really hurt!
You die...

#... ####... ##≈
....... ...
.......######.##
...............#
.<....§§§§....#
#..§§§§§...#
#..§§§@§...#
#...O.§##§##+##
#..!.%..#....
........######
###...a.#
#...... #......
#......


You could see an ogre (inner flame).

Vanquished Creatures
  3 adders (D:2)
  A worm (D:2)
  2 leopard geckos (D:2)
  3 orcs
  4 bats
  2 giant cockroaches (D:2)
  5 goblins
  5 hobgoblins
  2 jackals (D:4)
  4 frilled lizards (D:1)
  3 kobolds
  4 rats
38 creatures vanquished.

Notes
Turn   | Place    | Note
-------+----------+-------------------------------------------
     0 | D:1      | teukkam the Minotaur Fighter began the quest for the Orb.
     0 | D:1      | Reached XP level 1. HP: 19/19 MP: 0/0
   670 | D:1      | Reached XP level 2. HP: 27/27 MP: 1/1
   925 | D:2      | Reached XP level 3. HP: 22/33 MP: 2/2
  1484 | D:3      | Reached XP level 4. HP: 37/40 MP: 3/3
  1497 | D:4      | Noticed an ogre
  1502 | D:4      | Killed from afar by a jackal

Skill      XL: |  1  2  3 |
---------------+----------+-----
Shields        | 4 |  4.6
Armour         | 4 |  4.3
Fighting       | 4 |  4.2
Axes           | 3 |  3.1

Action                   |  1- 3 |  4- 6 || total
-------------------------+-------+-------++-------
Melee: War axe           |    86 |     5 ||    91
       Headbutt          |    15 |     1 ||    16
  Use: Scroll            |       |     1 ||     1
  Eat: Chunk             |     2 |       ||     2
Armor: Scale mail        |    28 |     5 ||    33
Dodge: Dodged            |    28 |     4 ||    32
Block: Shield            |    51 |    10 ||    61
